 Dungeon Crawl Stone Soup version 0.23-a0-261-g133332c (console) character file.

79 bli the Insei (level 4, -6/28 HPs)
             Began as an Octopode Transmuter on Sept 29, 2018.
             Killed from afar by Ijyb (10 damage)
             ... with a wand of acid (11)
             ... on level 3 of the Dungeon.
             The game lasted 00:06:43 (1550 turns).

bli the Insei (Octopode Transmuter)                 Turns: 1550, Time: 00:06:44

Health: -6/28      AC:  1    Str: 10    XL:     4   Next: 38%
Magic:  6/7        EV: 13    Int: 19    God:
Gold:   113        SH:  0    Dex: 12    Spells: 6/7 levels left

rFire    . . .     SeeInvis .     - Unarmed
rCold    . . .     Gourm    .   (no shield)
rNeg     . . .     Faith    .   (helmet restricted)
rPois    .         Spirit   .   e - amulet of rage
rElec    .         Reflect  .   g - +4 ring of intelligence
rCorr    .         Harm     .   (no ring)
MR       .....                  (no ring)
Stlth    +++.......             (no ring)
HPRegen  0.09/turn              (no ring)
MPRegen  0.10/turn              (no ring)
                                (no ring)
                                (no ring)

@: appendage (expiring), very slightly contaminated
A: almost no armour, stealthy swim, amphibious, 8 rings, constrict 8, tentacle
spike 3, camouflage 1, gelatinous body 1
a: End Transformation, Evoke Berserk Rage


You were on level 3 of the Dungeon.
You were not hungry.
One of your tentacles had a temporary spike.
You visited 1 branch of the dungeon, and saw 3 of its levels.

You collected 113 gold pieces.

Inventory:

Missiles
 a - 40 arrows
Jewellery
 e - an amulet of rage (around mantle)
 g - a +4 ring of intelligence (left tentacle)
Scrolls
 b - a scroll of identify {unknown}
 h - 2 scrolls of remove curse {unknown}
 i - a scroll of noise {unknown}
 l - a scroll of enchant armour {unknown}
 m - a scroll of blinking {unknown}
 o - a scroll of teleportation {unknown}
Potions
 f - a potion of degeneration {unknown}
 j - a potion of mutation {unknown}
 k - a potion of might {unknown}
 n - 2 potions of curing {unknown}
Comestibles
 c - 4 rations


   Skills:
 * Level 1.5 Fighting
 * Level 2.5 Dodging
 * Level 2.6 Stealth
 + Level 3.5 Unarmed Combat
 + Level 2.2 Spellcasting
 + Level 2.4 Transmutations


You had 6 spell levels left.
You knew the following spells:

 Your Spells              Type           Power        Failure   Level  Hunger
a - Beastly Appendage     Tmut           ##....       6%          1    #......

Your spell library contained the following spells:

 Spells                   Type           Power        Failure   Level  Hunger
 Sticks to Snakes         Tmut           ##......     10%         2    ##.....
 Spider Form              Tmut/Pois      #.........   30%         3    ###....
 Ice Form                 Ice/Tmut       #.......     69%         4    #####..
 Blade Hands              Tmut           ##........   86%         5    ######.


Dungeon Overview and Level Annotations

Branches:
Dungeon (3/15)

Altars:

Annotations:
D:3 Ijyb


Innate Abilities, Weirdness & Mutations

You cannot wear most types of armour.
You are very stealthy in the water. (Stealth+)
You are amphibious.
You can wear up to eight rings at the same time.
You can use your tentacles to constrict eight enemies at once.
Your skin changes colour to match your surroundings (Stealth+).
Your rubbery body absorbs attacks. (AC +1, EV +1)
One of your tentacles bears a large vicious spike.


Message History

A bat comes into view.
You see here a frilled lizard corpse.
Ijyb the Twisted Goblin comes into view.
She is wielding a dagger.
The hobgoblin shouts!
Ijyb shouts!
Ijyb zaps a wand.
The bolt of acid hits you!
You are splashed with acid!
The
* * * LOW HITPOINT WARNING * * *
It is a wand of acid (11).
The hobgoblin misses you.
Found a robe.
You barely miss the hobgoblin. You grab the hobgoblin.
You pierce the hobgoblin, but do no damage.
You constrict the hobgoblin. The hobgoblin misses you.
The bat barely misses You barely miss the bat.
Your grab misses the bat. You constrict the hobgoblin.
The hobgoblin completely misses you.
You release your grip on the hobgoblin.
The bat hits you but does no damage.
* * * LOW HITPOINT WARNING * * *
The hobgoblin hits you but does no damage.
You miss the bat. You grab the bat.
You pierce the bat.
You kill the bat!
Ijyb zaps a wand.
The bolt of acid hits you!
You die...

### #... .##.#.
.....####
#......#
##......#
##.......##
.......g..#######
#.....@........#
.....#g##..†....#
................#
......#.#.......#
#.............<#
.[.#.......######
#######.#### #.
#.


You could see Ijyb and a hobgoblin.

Vanquished Creatures
  2 adders (D:2)
  An ooze (D:1)
  2 worms (D:2)
  A leopard gecko (D:2)
  8 bats
  A giant cockroach (D:1)
  11 goblins
  3 hobgoblins
  4 jackals (D:1)
  A ball python (D:2)
  3 frilled lizards
  4 kobolds
  10 rats
51 creatures vanquished.

Notes
Turn   | Place    | Note
-------+----------+-------------------------------------------
     0 | D:1      | bli the Octopode Transmuter began the quest for the Orb.
     0 | D:1      | Reached XP level 1. HP: 13/13 MP: 3/3
    98 | D:1      | Reached skill level 1 in Stealth
    98 | D:1      | Reached XP level 2. HP: 5/18 MP: 5/5
   524 | D:1      | Reached XP level 3. HP: 23/23 MP: 6/6
   980 | D:2      | Reached XP level 4. HP: 25/28 MP: 7/7
  1544 | D:3      | Noticed Ijyb
  1550 | D:3      | Killed from afar by Ijyb

Vault maps used:
D:1:      sevenhm_arrival_forest_fort_small_4, minmay_rat_gold_closets
D:3:      minmay_door_path, first_ration, uniq_ijyb, uniq_terence

Skill      XL: |  1  2  3 |
---------------+----------+-----
Stealth        | 1 2 |  2.6
Fighting       | |  1.5
Dodging        | |  2.5
Unarmed Combat | |  3.5
Spellcasting   | |  2.2
Transmutations | |  2.4

Action                   |  1- 3 |  4- 6 || total
-------------------------+-------+-------++-------
Melee: Unarmed           |    71 |    21 ||    92
       Constrict         |    20 |     8 ||    28
       Kick              |     8 |     8 ||    16
       Tentacles         |    11 |     2 ||    13
       Punch             |     1 |       ||     1
 Cast: Beastly Appendage |    12 |     5 ||    17
 Stab: Sleeping          |     7 |     2 ||     9
  Eat: Chunk             |       |     2 ||     2
Armor: Skin              |     5 |     4 ||     9
Dodge: Dodged            |    51 |    13 ||    64

Table legend:
 A = Non-vault XP
 B = Vault XP
 C = Vault XP percentage of total XP
 D = Non-vault monster count
 E = Vault monster count
 F = Vault count percentage of total count
                 A         B        C        D         E       F
            +---------+---------+-------+---------+---------+-------
      Total |     109 |       5 |   4.4 |      46 |       5 |   9.8
            +---------+---------+-------+---------+---------+-------
        D:1 |      47 |       5 |   9.6 |      24 |       5 |  17.2
        D:2 |      60 |       0 |   0.0 |      20 |       0 |   0.0
        D:3 |       2 |       0 |   0.0 |       2 |       0 |   0.0
            +---------+---------+-------+---------+---------+-------
